 Dungeon Crawl Stone Soup version 0.22-a0-439-gac93bac (webtiles) character file.

48 Mgcat the Chopper (level 3, -4/46 HPs)
             Began as a Hill Orc Berserker on May 29, 2018.
             Was a Follower of Trog.
             Killed by divine providence
             ... invoked by an orc priest
              (15 damage)
             ... on level 3 of the Dungeon.
             The game lasted 00:01:25 (511 turns).

Mgcat the Chopper (Hill Orc Berserker)               Turns: 511, Time: 00:01:26

Health: -4/46      AC:  8    Str: 25    XL:     3   Next: 72%
Magic:  3/3        EV:  8    Int:  7    God:    Trog [*.....]
Gold:   36         SH:  0    Dex: 10    Spells: 2/2 levels left

rFire    . . .     SeeInvis .   a - +0 hand axe
rCold    . . .     Gourm    .   (no shield)
rNeg     . . .     Faith    .   g - +0 chain mail
rPois    .         Spirit   .   (no helmet)
rElec    .         Reflect  .   (no cloak)
rCorr    .         Harm     .   (no gloves)
MR       .....                  (no boots)
Stlth    ..........             (no amulet)
HPRegen  0.15/turn              (no ring)
MPRegen  0.08/turn              (no ring)

@: berserking (expiring), very quick
A: no striking features
a: Berserk, Renounce Religion, Convert to Beogh


You were on level 3 of the Dungeon.
You worshipped Trog.
Trog was aware of your devotion.
You were hungry.

You visited 1 branch of the dungeon, and saw 3 of its levels.

You collected 36 gold pieces.

Inventory:

Hand Weapons
 a - a +0 hand axe (weapon)
Armour
 g - a +0 chain mail (worn)
   (You found it on level 3 of the Dungeon)
Scrolls
 b - a scroll of fog {unknown}
Potions
 e - a potion of curing {unknown}
 f - a potion of berserk rage {unknown}
Comestibles
 c - 2 rations
 d - 3 chunks of flesh {@w0}


   Skills:
 - Level 3.6 Fighting
 + Level 6.1 Axes
 - Level 2.1 Armour
 - Level 1.5 Dodging


You had 2 spell levels left.
You didn't know any spells.
Your spell library was empty.

Dungeon Overview and Level Annotations

Branches:
Dungeon (3/15)

Altars:


Message History

The hobgoblin shouts!
You feel a strong urge to attack something.
You feel your anger nearly subside.
You are no longer berserk.
You are exhausted.
You feel yourself slow down.
You feel sick.
Some of the chunks of flesh in your inventory have rotted away.
You feel sick. The hobgoblin closely misses you.
You hit the hobgoblin but do no damage. The hobgoblin hits you with a club.
The hobgoblin misses you.
You slash the hobgoblin!
You kill the hobgoblin!
Trog accepts your kill.
You feel sick.
You are no longer poisoned.
Things that are here:
a club; a hobgoblin corpse You start resting.
Eating one of 4 chunks of flesh {@w0}.
You eat one of the 4 chunks of flesh {@w0}.
This raw flesh tastes terrible.
You feel yourself speed up.
You start resting.
You recover from your berserk rage.
Things that are here:
a club; a hobgoblin corpse You see here a chain mail.
g - a chain mail Wear which item? (? for menu, Esc to quit)
You start removing your armour.
You continue taking off your +0 animal skin. x4
You finish taking off your +0 animal skin.
You start putting on your armour.
You continue putting on your chain mail. x5
You finish putting on your +0 chain mail.
Drop what? 7/52 slots (_ for help) (? for menu, Esc to quit)
You drop a +0 animal skin.
Eating one of 3 chunks of flesh {@w0}.
You eat one of the 3 chunks of flesh {@w0}.
This raw flesh tastes terrible.
HP restored.
b - a scroll labeled ENAT YGHAMN You butcher the hobgoblin corpse.
d - 3 chunks of flesh {@w0} (gained 1)
You see here a club. x2
An orc comes into view. It is wielding a short sword.
The orc shouts!
An orc priest comes into view. It is wielding a morningstar.
A leopard gecko comes into view.
The orc moves out of view.
There are monsters nearby! 2 orcs come into view.
The leopard gecko hisses angrily.
The orc priest shouts, "Surrender to Beogh and we'll let you live!" (press Y on the ability menu to convert to Beogh)
The orc priest shouts!
An orc comes into view. It is wielding a dagger.
The orc priest invokes the aid of Beogh against you.
Beogh smites you!
The orc moves out of view.
Unknown command.
Unknown command.
Okay, then.
The orc shouts!
A red film seems to cover your vision as you go berserk!
You feel yourself moving faster!
You feel mighty!
You are feeling hungry.
You are too injured to fight recklessly!
You are too injured to fight recklessly!
You are too injured to fight recklessly!
You slash the orc!
You kill the orc!
Trog accepts your kill.
Your Axes skill increases to level 6!
You closely miss the orc. The orc misses you.
The orc priest invokes the aid of Beogh against you.
Pain shoots through your body!
* * * LOW HITPOINT WARNING * * *
Things that are here:
a short sword; a scale mail You closely miss the orc priest.
You closely miss the orc. x2
The orc hits you but does no damage.
Your chain mail prevents you from hitting the orc priest.
The orc priest threatens, "By the altar or by the axe, you will meet Beogh!"
You slash the orc!
You kill the orc!
Trog accepts your kill.
Your chain mail prevents you from hitting the orc.
The orc hits you with a dagger.
* * * LOW HITPOINT WARNING * * *
You slash the orc priest!
The orc priest is severely wounded.
The orc priest shouts, "Surrender to Beogh and we'll let you live!"
You slash the leopard gecko!
You kill the leopard gecko!
Trog accepts your kill.
You hit the orc.
The orc priest calls down the wrath of Beogh upon you.
Beogh smites you!
You die...

#.........)........
#.[.......########.
#.........####
#............#
###...........#
#...........# ##
#............#
#...###............#
#....o@o...........#
#......o?..........##
#....###..........!#
#... ##+#####.#.. #.#
.# #


You could see an orc priest and 2 orcs.

Vanquished Creatures
  2 adders
  A dart slug (D:1)
  3 leopard geckos
  3 orcs (D:3)
  2 goblins (D:1)
  3 hobgoblins
  2 jackals (D:1)
  2 frilled lizards
  A kobold (D:3)
  2 rats
21 creatures vanquished.

Notes
Turn   | Place    | Note
-------+----------+-------------------------------------------
     0 | D:1      | Mgcat the Hill Orc Berserker began the quest for the Orb.
     0 | D:1      | Reached XP level 1. HP: 19/19 MP: 1/1
     2 | D:1      | Noticed a merfolk
     2 | D:1      | Noticed a formicid
     4 | D:1      | Noticed a demonspawn
     6 | D:1      | Noticed an ogre
     8 | D:1      | Noticed a centaur
    10 | D:1      | Noticed an octopode
    10 | D:1      | Noticed a vine stalker
    12 | D:1      | Noticed a gargoyle
    12 | D:1      | Noticed a naga
    14 | D:1      | Noticed a minotaur
    14 | D:1      | Noticed a spriggan
    16 | D:1      | Noticed a vampire
    16 | D:1      | Noticed an elf
    18 | D:1      | Noticed a ghoul
    18 | D:1      | Noticed a human
    20 | D:1      | Noticed a dwarf
    20 | D:1      | Noticed a felid
    22 | D:1      | Noticed a demigod
    22 | D:1      | Noticed a troll
    24 | D:1      | Noticed a draconian
    24 | D:1      | Noticed a tengu
    26 | D:1      | Noticed a halfling
    76 | D:1      | Reached XP level 2. HP: 19/26 MP: 2/2
   129 | D:1      | Reached skill level 5 in Axes
   198 | D:2      | Reached XP level 3. HP: 31/31 MP: 3/3
   506 | D:3      | Reached skill level 6 in Axes
   510 | D:3      | HP: 11/46 [orc/dagger (2)]
   511 | D:3      | Killed from afar by an orc priest

Vault maps used:
D:1:      kb_arrival_jail, st_stairs_5
D:2:      nicolae_dithmenos_shadow_blocks, nicolae_overflow_crystal_walls,
          first_ration
D:3:      grunt_temple_overflow_champion_of_chaos, grunt_gozag_statues,
          grunt_ministairs_9

Skill      XL: |  1  2  3 |
---------------+----------+-----
Axes           | 5 6 |  6.1
Fighting       | |  3.6
Armour         | |  2.1
Dodging        | |  1.5

Action                   || total
-------------------------++-------
Melee: Hand axe          ||    53
Invok: Berserk           ||     4
 Stab: Sleeping          ||     1
  Eat: Chunk             ||     2
Armor: Animal skin       ||     7
       Chain mail        ||     1
Dodge: Dodged            ||    31

Table legend:
 A = Spawn XP
 B = Non-spawn XP
 C = Spawn XP percentage of total XP
 D = Spawn monster count
 E = Non-spawn monster count
 F = Spawn count percentage of total count
 G = Total turns spent on level
                    A         B        C        D         E        F      G
               +---------+---------+-------+---------+---------+-------+---------
         Total |       0 |      69 |   0.0 |       0 |      21 |   0.0 |   511
               +---------+---------+-------+---------+---------+-------+---------
           D:1 |       0 |      24 |   0.0 |       0 |      11 |   0.0 |   154
           D:2 |       0 |      16 |   0.0 |       0 |       3 |   0.0 |    62
           D:3 |       0 |      29 |   0.0 |       0 |       7 |   0.0 |   295
               +---------+---------+-------+---------+---------+-------+---------

Vault maps used:
D:1:      kb_arrival_jail, st_stairs_5
D:2:      nicolae_dithmenos_shadow_blocks, nicolae_overflow_crystal_walls,
          first_ration
D:3:      grunt_temple_overflow_champion_of_chaos, grunt_gozag_statues,
          grunt_ministairs_9

Table legend:
 A = Turns spent in this place as a percentage of turns spent in the entire game.
 B = Non-inter-level travel turns spent in this place as a percentage of non-inter-level travel turns spent in the entire game.
 C = Inter-level travel turns spent in this place as a percentage of turns spent in this place.
 D = Turns resting spent in this place as a percentage of non-inter-level travel turns spent in this place.
 E = Turns spent auto-exploring this place as a percentage of non-inter-level travel turns spent in this place.
 F = Non-inter-level travel turns spent in this place divided by the number of levels of this place that you've seen.
                   A       B       C       D       E      F
               +-------+-------+-------+-------+-------+----------------------
         Total | 100.0 | 100.0 |   1.2 |  31.1 |  38.4 | 168.3
       Dungeon | 100.0 | 100.0 |   1.2 |  31.1 |  38.4 | 168.3
               +-------+-------+-------+-------+-------+----------------------

Table legend:
 A = Kills in this place as a percentage of kills in entire the game.
 B = Kills by you in this place as a percentage of kills by you in the entire game.
 C = Kills by friends in this place as a percentage of kills by friends in the entire game.
 D = Other kills in this place as a percentage of other kills in the entire game.
 E = Experience gained in this place as a percentage of experience gained in the entire game.
 F = Experience gained in this place divided by the number of levels of this place that you have seen.
                   A       B       C       D       E      F
               +-------+-------+-------+-------+-------+----------------------
         Total | 100.0 | 100.0 |   N/A |   N/A | 100.0 |  23.0
       Dungeon | 100.0 | 100.0 |   N/A |   N/A | 100.0 |  23.0
               +-------+-------+-------+-------+-------+----------------------
